 Dungeon Sprint DCSS version 0.21.1-1-g345015f (webtiles) character file.

25 sankara the Ruffian (level 2, -5/29 HPs)
             Began as a Troll Monk on Apr 3, 2018.
             Slain by an ogre
             ... wielding a +0 giant spiked club
              (34 damage)
             ... in the Dungeon (Sprint I: "Red Sonja").
             The game lasted 00:01:02 (33 turns).

sankara the Ruffian (Troll Monk)                      Turns: 33, Time: 00:01:03

Health: -5/29      AC:  5    Str: 18    XL:     2   Next: 82%
Magic:  1/1        EV: 10    Int:  6    God:
Gold:   0          SH:  0    Dex: 12    Spells: 1/1 levels left

rFire    . . .     SeeInvis .     - Unarmed
rCold    . . .     Gourm    +   (no shield)
rNeg     . . .     Faith    .   a - +0 robe
rPois    .         Spirit   .   (helmet restricted)
rElec    .         Reflect  .   (no cloak)
rCorr    .         Harm     .   (gloves unavailable)
MR       .....     NoTele   +   (boots unavailable)
Stlth    ++........             (no amulet)
HPRegen  0.49/turn              (no ring)
MPRegen  0.07/turn              (no ring)

@: no status effects
A: large, unfitting armour, claws 3, fast metabolism 3, gourmand, regeneration
1, shaggy fur 1, tough skin 2
a: no special abilities


You were in the Dungeon.
You were not hungry.

You visited 1 branch

Inventory:

Armour
 a - a +0 robe (worn)
Scrolls
 h - a scroll of blinking {!r}
Potions
 c - a potion of curing
 d - a potion of heal wounds
 e - a potion of haste
 f - 2 potions of magic
 g - a potion of berserk rage {!q}
Comestibles
 b - 2 rations


   Skills:
 + Level 2.4 Fighting
 + Level 2.4 Dodging
 - Level 1.0 Stealth
 * Level 6.5 Unarmed Combat


You had one spell level left.
You didn't know any spells.

Dungeon Overview and Level Annotations

Branches:
Dungeon (1/1)

Altars:


Innate Abilities, Weirdness & Mutations

You are too large for most types of armour.
You have claws for hands.
Your metabolism is lightning-fast.
You like to eat raw meat.
Your natural rate of healing is unusually fast.
You are covered in fur. (AC +1)
You have very tough skin. (AC +2)


Message History

Welcome, sankara the Troll Monk.
Press ? for a list of commands and other information.
Found a staircase leading out of the dungeon.
Sorry, you're not good enough to have a special ability.
You open the door.
Marking area around Ijyb as unsafe for travelling.
Ijyb the Twisted Goblin comes into view.
She is wielding a dagger.
Ijyb shouts!
There is an open door here.
You closely miss Ijyb. You closely miss Ijyb. Your claw misses Ijyb.
Ijyb hits you with a dagger.
You closely miss Ijyb. Ijyb closely misses you.
You closely miss Ijyb. Ijyb barely misses you.
You closely miss Ijyb. Ijyb hits you but does no damage.
You scratch Ijyb.
Ijyb is lightly wounded.
Ijyb hits you with a dagger.
You barely miss Ijyb.
Ijyb is lightly wounded.
Ijyb barely misses you.
You scratch Ijyb.
Ijyb is moderately wounded.
Ijyb hits you but does no damage.
You barely miss Ijyb.
Ijyb is moderately wounded.
Ijyb hits you but does no damage.
You scratch Ijyb but do no damage.
Ijyb is moderately wounded.
Ijyb hits you but does no damage.
You barely miss Ijyb.
Ijyb is moderately wounded.
Ijyb closely misses you.
You barely miss Ijyb.
Ijyb is moderately wounded.
Ijyb closely misses you.
You scratch Ijyb.
Ijyb is heavily wounded.
Ijyb closely misses you.
You scratch Ijyb but do no damage.
Ijyb is heavily wounded.
Ijyb hits you but does no damage.
You claw Ijyb!
Ijyb is almost dead.
Ijyb closely misses you.
You closely miss Ijyb.
Ijyb is almost dead.
Ijyb hits you but does no damage.
You scratch Ijyb but do no damage.
Ijyb is almost dead.
Ijyb hits you with a dagger.
You scratch Ijyb.
You kill Ijyb!
Your Unarmed Combat skill gained 3 levels and is now at level 6!
You have reached level 2!
Things that are here:
a dagger; a ring mail
Things that are here:
a dagger; a ring mail You start resting.
HP restored.
You open the door.
An ogre comes into view. It is wielding a giant spiked club.
You aren't carrying any items that you can evoke.
Unknown command.
You scratch the ogre but do no damage.
The ogre hits you with a giant spiked club!!
Ouch! That really hurt!
You die...

##########
#<.#.@O..#
#..').#..+
#..#### +#
#..# #..#
#..# #⌠⌠#
####


You could see an ogre.

Vanquished Creatures
  Ijyb (D)
1 creature vanquished.

Notes
Turn   | Place    | Note
-------+----------+-------------------------------------------
     0 | D        | sankara the Troll Monk began the quest for the Orb.
     0 | D        | Reached XP level 1. HP: 22/22 MP: 0/0
     1 | D        | Noticed Ijyb
    20 | D        | Killed Ijyb
    20 | D        | Reached skill level 6 in Unarmed Combat
    20 | D        | Reached XP level 2. HP: 23/29 MP: 1/1
    31 | D        | Noticed an ogre
    33 | D        | Slain by an ogre

Skill      XL: |  1 |
---------------+----+-----
Unarmed Combat | 6 |  6.5
Fighting       | |  2.4
Dodging        | |  2.4
Stealth        | |  1.0

Action                   || total
-------------------------++-------
Melee: Unarmed           ||    19
Armor: Robe              ||     4
Dodge: Dodged            ||     7

Vault maps used:
D:        dungeon_sprint_1

Table legend:
 A = Turns spent in this place as a percentage of turns spent in the entire game.
 B = Non-inter-level travel turns spent in this place as a percentage of non-inter-level travel turns spent in the entire game.
 C = Inter-level travel turns spent in this place as a percentage of turns spent in this place.
 D = Turns resting spent in this place as a percentage of non-inter-level travel turns spent in this place.
 E = Turns spent auto-exploring this place as a percentage of non-inter-level travel turns spent in this place.
 F = Non-inter-level travel turns spent in this place divided by the number of levels of this place that you've seen.
                   A       B       C       D       E      F
               +-------+-------+-------+-------+-------+----------------------
         Total | 100.0 | 100.0 |   0.0 |  18.2 |   0.0 |  33.0
       Dungeon | 100.0 | 100.0 |   0.0 |  18.2 |   0.0 |  33.0
               +-------+-------+-------+-------+-------+----------------------

Table legend:
 A = Kills in this place as a percentage of kills in entire the game.
 B = Kills by you in this place as a percentage of kills by you in the entire game.
 C = Kills by friends in this place as a percentage of kills by friends in the entire game.
 D = Other kills in this place as a percentage of other kills in the entire game.
 E = Experience gained in this place as a percentage of experience gained in the entire game.
 F = Experience gained in this place divided by the number of levels of this place that you have seen.
                   A       B       C       D       E      F
               +-------+-------+-------+-------+-------+----------------------
         Total | 100.0 | 100.0 |   N/A |   N/A | 100.0 |  36.0
       Dungeon | 100.0 | 100.0 |   N/A |   N/A | 100.0 |  36.0
               +-------+-------+-------+-------+-------+----------------------
